 Dungeon Crawl Stone Soup version 0.23-a0-481-g60b89c1 (webtiles) character file.

616 Lavandula the Gusty (level 7, -6/55 HPs)
             Began as a Naga Air Elementalist on Nov 29, 2018.
             Was an Initiate of Ru.
             Mangled by a troll (13 damage)
             ... on level 6 of the Dungeon.
             The game lasted 00:14:47 (1940 turns).

Lavandula the Gusty (Naga Air Elementalist)         Turns: 1940, Time: 00:14:48

Health: -6/55      AC:  3    Str: 10    XL:     7   Next: 45%
Magic:  11/22      EV: 15    Int: 21    God:    Ru [......]
Gold:   71         SH:  0    Dex: 12    Spells: 2/14 levels left

rFire    + . .     SeeInvis +   q - +1 long sword
rCold    . . .     Gourm    .   (no shield)
rNeg     + . .     Faith    .   a - +0 robe
rPois    +         Spirit   .   (no helmet)
rElec    .         Reflect  .   m - scarf {repulsion}
rCorr    .         Harm     .   (no gloves)
MR       .....                  (no barding)
Stlth    ++........             p - amulet of the acrobat
HPRegen  0.18/turn              b - +5 ring of evasion
MPRegen  0.18/turn              d - ring "Yvucs" {rF+ rN+ MP+9 Int+4}

@: flying, very slightly contaminated, repel missiles, very slow
A: large, see invisible, deformed body, poison resistance, slowness 2, slow
metabolism 1, spit poison 1, AC +2
a: Spit Poison, Renounce Religion


You were on level 6 of the Dungeon.
You worshipped Ru.
Ru was noncommittal.
You were not hungry.

You visited 2 branches of the dungeon, and saw 7 of its levels.

You collected 227 gold pieces.
You spent 156 gold pieces at shops.

Inventory:

Hand Weapons
 e - a +0 dagger
 f - a +0 hand axe of draining
 q - a +1 long sword (weapon)
Armour
 a - a +0 robe (worn)
 m - a scarf of repulsion (worn)
Magical Staves
 r - an uncursed staff of death
 D - an uncursed staff of fire
Jewellery
 b - a +5 ring of evasion (left hand)
 d - the ring "Yvucs" (right hand) {rF+ rN+ MP+9 Int+4}
   (You bought it in a shop on level 5 of the Dungeon)

   [ring of protection from fire]

   It affects your intelligence (+4).
   It protects you from fire.
   It protects you from negative energy.
   It affects your magic capacity (+9).
 h - an uncursed ring of protection from cold
 i - an uncursed ring of ice
 p - an amulet of the acrobat (around neck)
Wands
 u - a wand of paralysis (9)
 v - a wand of polymorph (9)
 C - a wand of acid (5)
Scrolls
 g - 3 scrolls of enchant armour
 k - 2 scrolls of amnesia
 o - a scroll of magic mapping
 s - a scroll of enchant weapon
 w - 2 scrolls of teleportation {unknown}
 x - 3 scrolls of remove curse
 y - a scroll of noise {unknown}
 A - a scroll of fog
Potions
 j - a potion of curing
 l - a potion of haste {unknown}
 n - a potion of brilliance {unknown}
 t - a potion of heal wounds {unknown}
 z - a potion of flight
 B - a potion of agility {unknown}
Comestibles
 c - 7 rations


   Skills:
 - Level 1.5 Dodging
 - Level 3.0 Stealth
 - Level 4.1 Spellcasting
 - Level 1.0 Conjurations
 - Level 3.1 Summonings
 - Level 3.1 Translocations
 - Level 5.5 Air Magic


You had 2 spell levels left.
You knew the following spells:

 Your Spells              Type           Power        Failure   Level  Hunger
a - Shock                 Conj/Air       ###.         3%          1    None
b - Mephitic Cloud        Conj/Pois/Air  ##......     14%         3    ###....
c - Call Imp              Summ           ###.....     4%          2    #......
d - Blink                 Tloc           N/A          4%          2    #......
e - Airstrike             Air            ####......   12%         4    ####...

Your spell library contained the following spells:

 Spells                   Type           Power        Failure   Level  Hunger
 Swiftness                Chrm/Air       ###.....     6%          2    #......
 Magic Dart               Conj           #...         8%          1    None
 Slow                     Hex            #.......     19%         2    #......
 Static Discharge         Conj/Air       ###.....     10%         3    ###....
 Conjure Flame            Conj/Fire      #.......     28%         3    ###....
 Lightning Bolt           Conj/Air       ###.......   65%         5    ######.


Dungeon Overview and Level Annotations

Branches:
Dungeon (6/15)             Temple (1/1) D:5

Altars:
Dithmenos
Makhleb
Nemelex Xobeh
Ru
Trog
Vehumet
Xom
The Shining One

Shops:
D:5 *

Annotations:
D:5 Duvessa


Innate Abilities, Weirdness & Mutations

You cannot wear boots.
Your serpentine skin is tough. (AC +2)
You have supernaturally acute eyesight. (SInv)
Armour fits poorly on your strangely shaped body.
Your system is resistant to poisons. (rPois)
You cover ground very slowly.
You have a slow metabolism.
You can spit poison.


Message History

A bullfrog skeleton comes into view.
Your crimson imp blinks!
The troll is engulfed in noxious fumes.
The troll bites you!!
* * * LOW HITPOINT WARNING * * *
The troll barely misses you. The troll misses you.
Your crimson imp barely misses the troll.
Your crimson imp hits the troll but does no damage.
The troll is engulfed in noxious fumes.
Your crimson imp blinks! x2
It was a potion of flight.
You feel very buoyant.
You fly up into the air.
The troll is engulfed in noxious fumes.
The troll misses you.
You riposte.
You barely miss the troll.
The troll is lightly wounded.
The troll claws you.
* * * LOW HITPOINT WARNING * * *
The troll claws you!
* * * LOW HITPOINT WARNING * * *
It was a potion of curing.
You feel better. The troll bites you!
You die...

....##...................
##.........##..##......##
.............5...........
...........##.Z#####...##
.....##.#..............#
..... #.....#..#####...#
..5.....#####(..#
......§§Z........
......§.T@.5.....
.................
.#.....#.!...#...
#.###.#.###.# ## #. ..#..
.# . #..... . #$ ##. #


You could see a troll, a bullfrog skeleton and 2 friendly crimson imps.

Vanquished Creatures
  An ice beast (D:6)
  A sky beast (D:6)
  An ogre (D:6)
  Dowan (D:5)
  2 iguanas
  A worker ant (D:4)
  2 adders
  A dart slug (D:1)
  3 leopard geckos
  10 orcs
  5 bats
  7 giant cockroaches
  2 goblins (D:1)
  2 hobgoblins (D:1)
  8 jackals
  3 quokkas
  5 frilled lizards
  4 kobolds
  4 rats (D:1)
63 creatures vanquished.

Vanquished Creatures (collateral kills)
  Sigmund (D:5)
  An ogre (D:4)
  2 worker ants
  An adder (D:6)
  A dart slug (D:5)
  An orc (D:4)
7 creatures vanquished.

Grand Total: 70 creatures vanquished

Notes
Turn   | Place    | Note
-------+----------+-------------------------------------------
     0 | D:1      | Lavandula the Naga Air Elementalist began the quest for the
                  | Orb.
     0 | D:1      | Reached XP level 1. HP: 15/15 MP: 3/3
    97 | D:1      | nice!
   108 | D:1      | Reached XP level 2. HP: 14/22 MP: 2/5
   309 | D:1      | Reached XP level 3. HP: 27/28 MP: 4/7
   544 | D:2      | Found a shimmering altar of Xom.
   544 | D:2      | Found a burning altar of Makhleb.
   630 | D:3      | Learned a level 3 spell: Mephitic Cloud
   633 | D:3      | Learned a level 2 spell: Call Imp
   636 | D:3      | Learned a level 2 spell: Blink
   713 | D:4      | Reached skill level 1 in Summonings
   713 | D:4      | Reached XP level 4. HP: 36/36 MP: 8/8
   715 | D:4      | Found a shadowy altar of Dithmenos.
   752 | D:5      | Entered Level 5 of the Dungeon
   807 | D:4      | Noticed an ogre
   814 | D:4      | Killed an ogre
   814 | D:4      | Reached XP level 5. HP: 35/42 MP: 4/9
  1211 | D:6      | Noticed an ice beast
  1242 | D:5      | Learned a level 4 spell: Airstrike
  1272 | D:5      | Noticed Sigmund
  1283 | D:5      | Killed Sigmund
  1283 | D:5      | Reached skill level 4 in Air Magic
  1283 | D:5      | Reached XP level 6. HP: 25/49 MP: 2/12
  1311 | D:5      | Found Jailamib's Assorted Antiques.
  1319 | D:5      | Bought a faintly glowing brass ring for 100 gold pieces
  1319 | D:5      | Bought a fizzy orange potion for 18 gold pieces
  1319 | D:5      | Bought a scroll labeled XERYFE XUMYSA for 20 gold pieces
  1319 | D:5      | Bought a bubbling emerald potion for 18 gold pieces
  1320 | D:5      | Identified the ring "Yvucs" {rF+ rN+ MP+9 Int+4} (You
                  | bought it in a shop on level 5 of the Dungeon)
  1338 | D:5      | Noticed Duvessa
  1338 | D:5      | Noticed Dowan
  1365 | D:5      | Killed Dowan
  1380 | D:5      | Reached skill level 5 in Air Magic
  1476 | D:5      | Found a staircase to the Ecumenical Temple.
  1487 | Temple   | Entered the Ecumenical Temple
  1606 | Temple   | Became a worshipper of Ru the Awakened
  1739 | D:6      | Noticed an ice beast
  1755 | D:6      | Killed an ice beast
  1755 | D:6      | Reached XP level 7. HP: 36/55 MP: 10/13
  1930 | D:6      | Noticed a troll
  1939 | D:6      | HP: 1/55 [troll (9)]
  1940 | D:6      | Mangled by a troll

Vault maps used:
D:1:      shiori_arrival_elements, st_stairs_1
D:2:      amethyst_overflow_temple_binary
D:4:      minivault_5, grunt_dithmenos_smoke_and_mirrors
D:5:      minmay_temple_entry_glass, serial_shops, shop_statue, first_ration,
          uniq_duvessa, uniq_sigmund, uniq_crazy_yiuf_cottage
D:6:      hangedman_cross_stitches
Temple:   minmay_temple_forest_path

Skill      XL: |  1  2  3  4  5  6  7 |
---------------+----------------------+-----
Spellcasting   | 3 4 |  4.1
Summonings     | 1 3 |  3.1
Air Magic      | 4 5 |  5.5
Translocations | 3 |  3.1
Dodging        | |  1.5
Stealth        | |  3.0
Conjurations   | |  1.0

Action                   |  1- 3 |  4- 6 |  7- 9 || total
-------------------------+-------+-------+-------++-------
Melee: Long sword        |     2 |    14 |     3 ||    19
       Dagger            |     2 |       |       ||     2
 Cast: Shock             |    28 |    20 |     7 ||    55
       Call Imp          |     2 |    19 |     7 ||    28
       Mephitic Cloud    |       |     2 |     1 ||     3
       Airstrike         |       |       |     2 ||     2
 Abil: Spit Poison       |    21 |    29 |     3 ||    53
Evoke: Wand              |       |     1 |       ||     1
  Use: Scroll            |     3 |     4 |       ||     7
       Potion            |       |       |     2 ||     2
 Stab: Paralysed         |       |     4 |       ||     4
  Eat: Chunk             |       |     6 |     1 ||     7
Armor: Robe              |     2 |     1 |       ||     3
Dodge: Dodged            |    24 |    36 |     7 ||    67
       Rpst.: Long sword |     1 |     9 |     2 ||    12

Table legend:
 A = Non-vault XP
 B = Vault XP
 C = Vault XP percentage of total XP
 D = Non-vault monster count
 E = Vault monster count
 F = Vault count percentage of total count
                 A         B        C        D         E       F
            +---------+---------+-------+---------+---------+-------
      Total |     607 |     274 |  31.1 |      66 |       4 |   5.7
            +---------+---------+-------+---------+---------+-------
        D:1 |      42 |       1 |   2.3 |      24 |       1 |   4.0
        D:2 |      18 |       0 |   0.0 |       4 |       0 |   0.0
        D:3 |       9 |       0 |   0.0 |       4 |       0 |   0.0
        D:4 |     204 |       0 |   0.0 |      15 |       0 |   0.0
        D:5 |      55 |     206 |  78.9 |      13 |       2 |  13.3
        D:6 |     279 |      67 |  19.4 |       6 |       1 |  14.3
            +---------+---------+-------+---------+---------+-------
